[Event "Team 45 45 League T28"]
[Site "Internet Chess Club"]
[Date "2005.09.27"]
[Round "2"]
[White "Irvin"]
[Black "WhoKilledJFK"]
[Result "1/2-1/2"]
[WhiteElo "1795"]
[BlackElo "1866"]
[TimeControl "2700+45"]

1. e4 c5 2. Nf3 d6 3. d4 cxd4 4. Nxd4 Nf6 5. Nc3 a6 6. f4 e6 7. Qf3 Qc7 8. Be3
Nc6 9. a3 Be7 10. Bd3 Nxd4 11. Bxd4 e5 12. Be3 b5 13. h3 Bb7 14. O-O-O O-O 15.
g4 exf4 16. Bxf4 Nd7 17. Nd5 Bxd5 18. exd5 Ne5 19. Qe4 Nxd3+ 20. Rxd3 Rfe8 21.
Qf3 a5 22. Rf1 b4 23. Bd2 Rac8 24. Qd1 Qc4 25. Kb1 bxa3 26. Rxa3 Rb8 27. Bc3 Rb6
28. Qf3 f6 29. g5 Rc8 30. Rf2 Qc5 31. Ka1 Rf8 32. Qg2 fxg5 33. Rxf8+ Bxf8 34.
Qxg5 Rb5 35. Bxg7 Qxd5 36. Be5+ Kf7 37. Qf5+ Ke8 38. Rf3 Qd1+ 39. Ka2 Qd5+ 40.
b3 Qxf3 41. Qxf3 Rxe5 42. Qc6+ Kf7 43. Qd7+ Be7 44. Qg4 Rc5 45. Ka3 h5 46. Qe4
Bf6 47. b4 Rc3+ 48. Ka4 axb4 49. Qxb4 Rxh3 50. Qc4+ Kg7 51. Qc7+ Kh6 52. Qxd6
Rf3 53. c4 Kg7 54. c5 Rf5 55. c6 Be5 56. Qd7+ Rf7 57. Qd5 Re7 58. Qh1 Kg6 59.
Qh4 Rg7 60. Qe4+ Kf6 61. Kb5 Bc7 62. Ka6 Kg5 63. Kb7 h4 64. Qg2+ Bg3+ 65. Kc8
Rc7+ 66. Kd8 Kf5 67. Qf3+ Ke6 68. Qe3+ Kd5 69. Qf3+ Ke6 70. Qe3+ Kd5 71. Qf3+
Ke6 72. Qe3+ Kd5 {Game drawn by repetition} 1/2-1/2

[Event "Team 45 45 League T28"]
[Site "Internet Chess Club"]
[Date "2005.09.25"]
[Round "2"]
[White "Avedldesierto"]
[Black "Smart"]
[Result "1-0"]
[WhiteElo "1674"]
[BlackElo "1529"]
[TimeControl "2700+45"]

1. g3 Nf6 2. d4 d6 3. Bg2 Bg4 4. f3 Bh5 5. e4 e6 6. Be3 Be7 7. Ne2 O-O 8. g4
Bxg4 9. fxg4 Nxg4 10. Qd3 Bh4+ 11. Ng3 Nxe3 12. Qxe3 Bg5 13. Qe2 Nc6 14. c3 d5
15. e5 Ne7 16. Nd2 Ng6 17. O-O-O Nf4 18. Qf3 Ng6 19. Ne2 f5 20. Kb1 Nh4 21. Qf2
Kf7 22. Nf3 Nxf3 23. Bxf3 Ke7 24. h4 Bh6 25. h5 Kd7 26. c4 c6 27. cxd5 cxd5 28.
Nc3 a6 29. Rd3 Bg5 30. Rg1 b5 31. Qg2 h6 32. Bxd5 exd5 33. Qxd5+ Ke7 34. Qb7+
Ke6 35. Qxg7 Rg8 36. d5+ Qxd5 37. Qxg8+ Rxg8 38. Rxd5 b4 39. Ra5 bxc3 40. Rxa6+
Kxe5 41. bxc3 Rc8 42. Kc2 f4 43. Ra5+ Ke4 44. Rf1 Rd8 45. c4 Rd3 46. Re1+ Kd4
47. Rd5+ Kxc4 48. Rxd3 Kc5 49. Re5+ Kc6 50. Rxg5 hxg5 51. h6 g4 52. h7 f3 53.
Rxf3 gxf3 54. h8=Q Kd5 55. Qh1 Ke4 56. Qf1 Ke3 57. Kc3 {Black resigns} 1-0

[Event "Team 45 45 League T28"]
[Site "Internet Chess Club"]
[Date "2005.09.24"]
[Round "2"]
[White "wojozim"]
[Black "Tomate"]
[Result "0-1"]
[WhiteElo "1510"]
[BlackElo "1380"]
[TimeControl "2700+45"]

1. e4 c5 2. Nf3 d6 3. d4 cxd4 4. Nxd4 Nf6 5. Nc3 Nc6 6. Bg5 e5 7. Ndb5 Be6 8.
Bxf6 gxf6 9. Nd5 Rc8 10. Nbc3 a6 11. Rc1 f5 12. Bd3 fxe4 13. Bxe4 Qg5 14. O-O
Nd4 15. Ne2 f5 16. f4 Qg6 17. Nb6 fxe4 18. Nxd4 Bh3 19. Qd2 Rg8 20. g3 Bxf1 21.
Nxc8 Bb5 22. fxe5 Bh6 23. Nxd6+ Qxd6 24. Nxb5 Qxd2 {White resigns} 0-1

[Event "Team 45 45 League T28"]
[Site "Internet Chess Club"]
[Date "2005.09.26"]
[Round "2"]
[White "nona"]
[Black "rabanito"]
[Result "1/2-1/2"]
[WhiteElo "1520"]
[BlackElo "1481"]
[TimeControl "2700+45"]

1. e4 e5 2. Nf3 Nc6 3. Bb5 a6 4. Ba4 Nf6 5. c3 Be7 6. d3 b5 7. Bb3 d6 8. O-O O-O
9. Nbd2 Na5 10. Bc2 c5 11. a4 b4 12. cxb4 cxb4 13. b3 Qc7 14. Bb2 Be6 15. Rc1
Rac8 16. d4 {Game drawn by mutual agreement} 1/2-1/2

[Event "Team 45 45 League T28"]
[Site "Internet Chess Club"]
[Date "2005.09.24"]
[Round "2"]
[White "houseofcook"]
[Black "G11825"]
[Result "0-1"]
[WhiteElo "1332"]
[BlackElo "1253"]
[TimeControl "2700+45"]

1. e4 e5 2. Nf3 Nc6 3. d4 d5 4. Nxe5 Nge7 5. exd5 Qxd5 6. Nf3 Bf5 7. Nc3 Qe6+ 8.
Be3 Nd5 9. Nxd5 Qxd5 10. c3 Bd6 11. Bd3 O-O 12. h3 Rfe8 13. O-O Rad8 14. Qc2
Bxh3 15. c4 Qh5 16. Be2 Qg4 17. Nh4 Qxh4 18. g3 Bxg3 19. Rfd1 Bh2+ 20. Kh1 Bg2+
21. Kxg2 Rxe3 22. Rh1 Qh3# {White checkmated} 0-1

[Event "Team 45 45 League T28"]
[Site "Internet Chess Club"]
[Date "2005.09.26"]
[Round "2"]
[White "NineMilly"]
[Black "pk4"]
[Result "0-1"]
[WhiteElo "1216"]
[BlackElo "1211"]
[TimeControl "2700+45"]

1. d4 d5 2. Nc3 Nf6 3. Nf3 Bg4 4. Ne5 Bf5 5. Bg5 Nfd7 6. Nxf7 Kxf7 7. Nxd5 Nf6
8. Nxf6 exf6 9. Bf4 Bd6 10. Bxd6 Qxd6 11. c3 Re8 12. Qb3+ Kf8 13. Qxb7 Qc6 14.
Qb4+ Kf7 15. Qb3+ Be6 16. Qc2 g6 17. e3 Bd5 18. Rg1 a5 19. c4 Be4 20. Qb3 Qb6
21. Qc3 Nc6 22. a3 Bf5 23. O-O-O Rab8 24. Rd2 Qb3 25. Qxb3 Rxb3 26. Be2 Rbb8 27.
Rgd1 a4 28. Bf3 Na5 29. Bd5+ Kg7 30. c5 c6 31. Ba2 Be6 32. Kb1 Bb3 33. Re1 Nc4
34. Rde2 Rb7 35. f4 Bxa2+ 36. Kxa2 Rb3 37. e4 Reb8 38. Rb1 Nxa3 39. Rd1 Nc4 40.
Rb1 a3 41. d5 axb2 42. Rbxb2 Ra3+ 43. Kb1 Nxb2 44. Rxb2 Rxb2+ 45. Kxb2 Ra5 46.
dxc6 Rxc5 47. Kb3 Rxc6 48. Kb4 Rc2 49. e5 fxe5 50. fxe5 Re2 51. Kc4 Rxe5 52. Kd4
Re2 53. g4 Rxh2 54. Ke4 h6 55. Kf4 Rh4 56. Kg3 g5 57. Kf3 Kf6 58. Kg3 Ke5 59.
Kf3 Kf6 60. Kg3 h5 61. gxh5 Rxh5 62. Kg4 Rh4+ 63. Kg3 Kf5 64. Kg2 g4 65. Kg3 Kg5
66. Kg2 Rh3 67. Kg1 Kf4 68. Kg2 Ke3 69. Kg1 g3 70. Kg2 Kf4 71. Kf1 Rh2 72. Kg1
Kf3 73. Kf1 Rh1# {White checkmated} 0-1

[Event "Team 45 45 League T28"]
[Site "Internet Chess Club"]
[Date "2005.09.22"]
[Round "2"]
[White "Leftorium"]
[Black "PocketChange"]
[Result "1/2-1/2"]
[WhiteElo "1175"]
[BlackElo "1176"]
[TimeControl "2700+45"]

1. e4 e5 2. Nf3 Nc6 3. Bc4 h6 4. d3 Nf6 5. a3 Bc5 6. b4 Bb6 7. O-O O-O 8. Nc3
Nd4 9. Nxe5 d6 10. Ng6 Re8 11. Be3 Ng4 12. Na4 Nxe3 13. fxe3 Ne6 14. Nxb6 axb6
15. Nf4 Nxf4 16. Rxf4 Be6 17. Qh5 Bxc4 18. dxc4 Qd7 19. Raf1 Re7 20. Ra1 Rae8
21. Qd5 c6 22. Qd3 Re5 23. Raf1 f6 24. c5 d5 25. cxb6 Rxe4 26. Rxe4 Rxe4 27. Rf4
f5 28. Rxe4 fxe4 29. Qd1 Qd8 30. Qe2 Qxb6 31. c4 Qa6 32. Qg4 c5 33. Qc8+ Kh7 34.
Qf5+ Qg6 35. Qxd5 Qf6 36. Qxe4+ g6 37. Qxb7+ Kh8 38. Qc8+ Kh7 39. Qxc5 Qa1+ 40.
Kf2 Qxa3 41. Qe7+ Kg8 42. Qe6+ Kg7 43. b5 Qb2+ 44. Kg3 h5 45. b6 h4+ 46. Kh3 g5
47. Qe7+ Kh6 48. b7 g4+ 49. Kxh4 Qf2+ 50. Kxg4 Qxg2+ 51. Kf5 Qf3+ 52. Ke6 Qxe3+
53. Kf7 Qg1 54. Qd6+ Kh7 55. b8=Q Qg7+ 56. Ke6 Qg6+ 57. Kd7 Qg7+ 58. Kc6 Qg2+
59. Qd5 Qg6+ 60. Kc5 Qg1+ 61. Kc6 Qg6+ 62. Qbd6 Qe8+ 63. Qd7+ Qxd7+ 64. Kxd7 Kg7
65. Qd6 Kf7 66. Qe6+ Kf8 67. Qe7+ Kg8 68. Ke8 Kh8 69. Qf7 {Black stalemated}
1/2-1/2

[Event "Team 45 45 League T28"]
[Site "Internet Chess Club"]
[Date "2005.09.25"]
[Round "2"]
[White "kevinfons"]
[Black "Knight-Rookie"]
[Result "0-1"]
[WhiteElo "1449"]
[BlackElo "1291"]
[TimeControl "2700+45"]

1. c4 e5 2. Nc3 Nf6 3. e4 Nc6 4. d3 h6 5. Nf3 Bc5 6. Be2 O-O 7. O-O Re8 8. a3 a5
9. Nd5 Nd4 10. Be3 Nxf3+ 11. Bxf3 Bxe3 12. Nxe3 d6 13. b4 axb4 14. axb4 Rxa1 15.
Qxa1 c6 16. Qb2 Be6 17. Ra1 Qd7 18. b5 Qc7 19. b6 Qd7 20. Ra7 Rb8 21. Qa1 Qd8
22. Qa5 Nd7 23. h3 Nc5 24. Be2 Nd7 25. Kh2 Kf8 26. g3 Ke8 27. f4 Nxb6 28. f5 Bd7
29. c5 Nc8 30. Qxd8+ Kxd8 31. Ra5 dxc5 32. Rxc5 b5 33. Rxe5 b4 34. Nc4 f6 35.
Ra5 Rb5 36. Rxb5 cxb5 37. Nb2 Nb6 38. Bd1 Ke7 39. Kg2 Kd6 40. Kf2 Na4 41. Nxa4
bxa4 42. Bxa4 Bxa4 43. Ke2 Kc5 44. Kd2 Kd4 45. g4 b3 46. h4 b2 {White resigns}
0-1

[Event "Team 45 45 League T28"]
[Site "Internet Chess Club"]
[Date "2005.09.24"]
[Round "2"]
[White "Schach-Prinz"]
[Black "hotzoddy"]
[Result "1/2-1/2"]
[WhiteElo "1310"]
[BlackElo "1265"]
[TimeControl "2700+45"]

1. c4 Nf6 2. Nc3 e6 3. e4 d5 4. Bd3 c6 5. Nf3 d4 6. Ne2 c5 7. a3 b6 8. b4 Bb7 9.
Qc2 Qc7 10. bxc5 bxc5 11. Rb1 Nbd7 12. O-O e5 13. Ng3 Be7 14. Nf5 Bf8 15. Re1 g6
16. Ng3 Be7 17. Be2 O-O 18. d3 Rab8 19. Bh6 Rfe8 20. a4 Bf8 21. Bxf8 Rxf8 22.
Qd2 Kg7 23. Qg5 h6 24. Nf5+ Kg8 25. Nxh6+ Kg7 26. Nf5+ Kg8 27. N3h4 Nh7 28. Nh6+
Kh8 29. Qg4 Ndf6 30. Qf3 Bc8 31. Rxb8 Qxb8 32. h3 Kg7 33. Ng4 Nxg4 34. hxg4 Ng5
35. Qg3 f6 36. Nf3 Bd7 37. Nxg5 fxg5 38. a5 Qc8 39. Qxe5+ Kh6 40. Qh2+ Kg7 41.
Qe5+ Kh6 42. Qh2+ Kg7 43. Qe5+ Kh6 44. Qh2+ Kg7 {Game drawn by repetition}
1/2-1/2

[Event "Team 45 45 League T28"]
[Site "Internet Chess Club"]
[Date "2005.09.24"]
[Round "2"]
[White "slakkjaw"]
[Black "Tom45"]
[Result "1-0"]
[WhiteElo "1201"]
[BlackElo "1099"]
[TimeControl "2700+45"]

1. d4 d5 2. c4 dxc4 3. Nc3 e6 4. a3 Nf6 5. Nf3 Nc6 6. e4 h6 7. Bxc4 e5 8. d5 Bg4
9. dxc6 Qxd1+ 10. Nxd1 bxc6 11. Nxe5 Be6 12. Bxe6 fxe6 13. Nxc6 Nxe4 14. Bf4 Bd6
15. Bxd6 cxd6 16. O-O O-O 17. b4 a6 18. Ne7+ Kh7 19. Re1 Ng5 20. h4 Rf7 21. hxg5
Rxe7 22. gxh6 Kxh6 23. Rc1 Rf8 24. Rc6 d5 25. Rcxe6+ Rxe6 26. Rxe6+ Kh7 27. Rxa6
Rc8 28. Nb2 Rc1+ 29. Kh2 Rf1 30. f3 Rf2 31. Nd3 Rd2 32. Ne5 Re2 33. Nd7 Re7 34.
Rd6 {Black resigns} 1-0

[Event "Team 45 45 League T28"]
[Site "Internet Chess Club"]
[Date "2005.09.22"]
[Round "2"]
[White "C-Jones"]
[Black "GoIrish"]
[Result "0-1"]
[WhiteElo "1636"]
[BlackElo "1584"]
[TimeControl "2700+45"]

1. e4 d6 2. d4 Nf6 3. Nc3 g6 4. Nf3 Bg7 5. Bb5+ c6 6. Be2 O-O 7. O-O Nbd7 8. Bg5
h6 9. Be3 Qc7 10. Qd2 Kh7 11. Rad1 e5 12. dxe5 dxe5 13. a3 Nb6 14. Bc5 Re8 15.
Bd6 Qd7 16. Nxe5 Nxe4 17. Qf4 Nxc3 18. bxc3 Qf5 19. Qd4 Bxe5 20. Bxe5 Qxe5 21.
Qxe5 Rxe5 22. Bf3 Bf5 {White resigns} 0-1  kopereitor(71): chuu

[Event "Team 45 45 League T28"]
[Site "Internet Chess Club"]
[Date "2005.09.23"]
[Round "2"]
[White "TheBrewer"]
[Black "Fegary"]
[Result "0-1"]
[WhiteElo "1567"]
[BlackElo "1654"]
[TimeControl "2700+45"]

1. d4 Nf6 2. Nf3 d6 3. e3 g6 4. Bd3 Bg7 5. Nbd2 c6 6. e4 O-O 7. O-O Nbd7 8. c3
Qc7 9. Re1 b5 10. a4 a6 11. axb5 c5 12. bxa6 Nb8 13. e5 Ne8 14. exd6 Qxd6 15.
Nc4 Qc7 16. dxc5 Bxa6 17. Nb6 Ra7 18. Bxa6 Rxa6 19. Rxa6 Nxa6 20. Nd5 Qxc5 21.
Nxe7+ Kh8 22. Nd5 Nd6 23. Nf4 Nc4 24. Qa4 Nc7 25. Nd3 Qd5 26. Nb4 Qb7 27. Qc6
Qxc6 28. Nxc6 Ne6 29. Nfe5 Nxe5 30. Nxe5 Nc5 31. h3 Bxe5 32. Rxe5 Nd3 33. Re7
Nxc1 34. b4 Kg7 35. b5 Nb3 36. Rc7 Rb8 37. c4 h5 38. Kf1 Kf6 39. Rc6+ Ke5 40.
Ke2 Nd4+ {White resigns} 0-1

[Event "Team 45 45 League T28"]
[Site "Internet Chess Club"]
[Date "2005.09.24"]
[Round "2"]
[White "PostMike"]
[Black "fredd"]
[Result "1-0"]
[WhiteElo "1601"]
[BlackElo "1554"]
[TimeControl "2700+45"]

1. e4 e5 2. Nf3 Nc6 3. Bc4 Nf6 4. Ng5 d5 5. exd5 Nxd5 6. d4 h6 7. Nxf7 Kxf7 8.
Qf3+ Ke6 9. Nc3 Ne7 10. O-O g5 11. dxe5 c6 12. Qf6+ Kd7 13. Qxh8 Kc7 14. Nxd5+
Nxd5 15. Rd1 Be6 16. Bxd5 Bxd5 17. Be3 Qd7 18. Qf6 Qg4 19. f3 Qc4 20. c3 Qe2 21.
Re1 Qxb2 22. e6 g4 23. Qf4+ Bd6 24. Qxg4 Qxc3 25. Bxh6 Bc5+ 26. Kh1 Re8 27. Qf4+
Bd6 28. Qf7+ Re7 29. Qg6 Rxe6 30. Qg7+ Qxg7 31. Bxg7 Rg6 32. Be5 b5 33. Bxd6+
Kxd6 34. a3 a5 35. Re3 c5 36. Kg1 Re6 37. Rxe6+ Bxe6 38. h4 c4 39. Kf2 c3 40.
Ke3 Kc5 41. h5 Kc4 42. h6 Bg8 43. a4 Kb3 44. Rh1 bxa4 45. h7 Bxh7 46. Rxh7 a3
47. Rb7+ Kc2 48. Ra7 a2 49. Rxa5 Kb1 50. Kd3 c2 51. Rb5+ Kc1 52. Ra5 Kb2 53.
Rxa2+ {Black resigns} 1-0

[Event "Team 45 45 League T28"]
[Site "Internet Chess Club"]
[Date "2005.09.23"]
[Round "2"]
[White "SpeedBlade"]
[Black "chesskix"]
[Result "1-0"]
[WhiteElo "1496"]
[BlackElo "1440"]
[TimeControl "2700+45"]

1. d4 d5 2. c4 dxc4 3. Nf3 e6 4. Qa4+ c6 5. Qxc4 b5 6. Qc2 Bb7 7. Bg5 Qa5+ 8.
Bd2 Bb4 9. e3 Nf6 10. Be2 O-O 11. O-O Bxd2 12. Nbxd2 Nbd7 13. Nb3 Qd8 14. Rfd1
Nd5 15. a3 Rc8 16. Nc5 Nxc5 17. dxc5 Qf6 18. e4 Nf4 19. Rd7 Rb8 20. Rad1 Qg6 21.
g3 Nxe2+ 22. Qxe2 Qg4 23. R1d2 f6 24. Nd4 Qxe2 25. Nxe2 e5 26. b4 a6 27. Nc1 Rf7
28. Nb3 Rxd7 29. Rxd7 Bc8 30. Rd8+ Kf7 31. Na5 Ra8 32. Nxc6 Bb7 33. Rd7+ Kg6 34.
Rxb7 h5 35. Rb8 Rxb8 36. Nxb8 Kg5 37. c6 Kg4 38. c7 {Black resigns} 1-0

[Event "Team 45 45 League T28"]
[Site "Internet Chess Club"]
[Date "2005.09.23"]
[Round "2"]
[White "EquesQuartus"]
[Black "badger80"]
[Result "0-1"]
[WhiteElo "1612"]
[BlackElo "1621"]
[TimeControl "2700+45"]

1. Nf3 f5 2. d3 Nf6 3. Bg5 g6 4. e4 Bg7 5. exf5 gxf5 6. Nc3 O-O 7. d4 e6 8. Bd3
Qe8 9. Qe2 h6 10. Bf4 d6 11. O-O-O a6 12. h3 b5 13. Rdg1 b4 14. Nb1 Nd5 15. Bd2
Qa4 16. a3 bxa3 17. Nxa3 Nc6 18. c3 Na5 19. Bc2 Nb3+ 20. Kd1 Rb8 21. Ke1 Qa5 22.
Nc4 Qa4 23. g4 Qa1+ 24. Qd1 Qxd1+ 25. Kxd1 Nxd2 26. Nfxd2 Nf4 27. g5 h5 28. Nb3
Bb7 29. Rh2 Bf3+ 30. Kd2 Bd5 31. Nba5 Bxc4 32. Nxc4 d5 33. Ne5 Bxe5 34. dxe5
Rxb2 35. g6 Kg7 36. Ke3 Nxg6 37. Kd2 Kh6 38. Rhg2 Rg8 39. Kc1 Rbb8 40. Ba4 Ne7
41. Rxg8 Rxg8 42. Rxg8 Nxg8 43. f4 Kg7 44. Kd2 Kf7 45. c4 Ne7 46. c5 h4 47. Ke3
a5 48. Bb5 Nc8 49. Ba4 Na7 50. Kd4 c6 51. Kd3 Ke7 52. Kd2 Kd7 53. Kc1 Nb5 54.
Kd2 Na3 55. Kc3 Nc4 56. Kd4 Nd2 57. Ke3 Ne4 58. Kd4 Nf2 59. Kc3 Nxh3 {White
resigns} 0-1

[Event "Team 45 45 League T28"]
[Site "Internet Chess Club"]
[Date "2005.09.22"]
[Round "2"]
[White "charles-allen"]
[Black "tryanything"]
[Result "1/2-1/2"]
[WhiteElo "1583"]
[BlackElo "1542"]
[TimeControl "2700+45"]

1. e4 e5 2. d4 exd4 3. c3 dxc3 4. Bc4 cxb2 5. Bxb2 d6 6. Qb3 Qe7 7. Nc3 Nf6 8.
O-O-O Nbd7 9. Nf3 Nc5 10. Qc2 Be6 11. Nd5 Qd7 12. Nxf6+ gxf6 13. Bxf6 Bh6+ 14.
Kb1 O-O 15. Ne5 Qc8 16. Qe2 Nxe4 17. Bxe6 Nc3+ 18. Ka1 Nxe2 19. Bxc8 dxe5 20.
Bf5 Bg7 21. Bxg7 Kxg7 22. Rhe1 Nf4 23. g3 Ng6 24. Bxg6 hxg6 25. Rxe5 Rfe8 26.
Red5 Re7 27. R1d2 b6 28. Rd7 Rxd7 29. Rxd7 c5 30. Rd6 Rc8 31. Kb2 Rc7 32. Kc3
Kf8 33. Kc4 Ke7 34. Rd3 a6 35. a4 f5 36. h4 Rc6 37. Re3+ Re6 38. Kd5 Rxe3 39.
fxe3 Kf6 40. a5 b5 41. Kxc5 Ke5 42. Kb6 b4 43. Kxa6 b3 44. Ka7 b2 45. a6 b1=Q
46. Ka8 Ke4 47. g4 fxg4 48. a7 g3 49. h5 gxh5 {White stalemated} 1/2-1/2

[Event "Team 45 45 League T28"]
[Site "Internet Chess Club"]
[Date "2005.09.24"]
[Round "2"]
[White "Prop"]
[Black "engeln"]
[Result "0-1"]
[WhiteElo "1313"]
[BlackElo "1434"]
[TimeControl "2700+45"]

1. e4 e5 2. Nf3 Nc6 3. Bc4 h6 4. c3 Nf6 5. d4 exd4 6. Nxd4 Bc5 7. Qd3 Ne5 8. Qe2
O-O 9. Nf3 Re8 10. Nxe5 Rxe5 11. O-O Rxe4 12. Qf3 Rxc4 13. Nd2 Rg4 14. Re1 d5
15. b3 Bd7 16. Bb2 Bc6 17. Re5 d4 18. Qh3 Rxg2+ 19. Kf1 dxc3 20. Bxc3 Rxf2+ 21.
Ke1 Qd6 22. Rd1 Bd7 23. Qh4 Re8 24. Nc4 Qc6 25. Bd4 Rxe5+ 26. Kxf2 Rf5+ 27. Ke3
Qf3+ 28. Kd2 Bb4+ 29. Kc1 c5 30. Bb2 Rh5 31. Qg3 Qxg3 32. hxg3 Bg4 33. Rd8+ Kh7
34. Rb8 Rh1+ 35. Kc2 Bf5# {White checkmated} 0-1

[Event "Team 45 45 League T28"]
[Site "Internet Chess Club"]
[Date "2005.09.22"]
[Round "2"]
[White "cazj"]
[Black "EyeAm"]
[Result "1/2-1/2"]
[WhiteElo "1365"]
[BlackElo "1353"]
[TimeControl "2700+45"]

1. e4 e5 2. Nf3 Nf6 3. Bc4 Nxe4 4. Nxe5 d5 5. Bb3 Be7 6. Qf3 O-O 7. d3 Nf6 8.
O-O c6 9. Qg3 Nh5 10. Qf3 Be6 11. Qxh5 f6 12. Ng4 Qd7 13. h3 Bf7 14. Nh6+ gxh6
15. Qxh6 Bg6 16. Nc3 Na6 17. a3 b5 18. Ne2 Bd6 19. d4 Rae8 20. Nf4 Bxf4 21. Bxf4
Re4 22. c3 Re2 23. Rab1 Bxb1 24. Rxb1 Qe7 25. Be3 Qe4 26. Ba2 Qg6 27. Qf4 Re8
28. Kf1 R2xe3 29. fxe3 Qd3+ 30. Kf2 Re4 31. Qf3 Qd2+ 32. Kg1 Qxe3+ 33. Qxe3 Rxe3
34. Rf1 Kg7 35. Kh2 Re2 36. Rb1 h5 37. Kg1 h4 38. Bb3 f5 39. Bd1 Re3 40. Bh5 Nb8
41. Rf1 Kf6 42. Kf2 Re7 43. Kg1 Re2 44. Rf2 Rxf2 45. Kxf2 {Game drawn by mutual
agreement} 1/2-1/2

[Event "Team 45 45 League T28"]
[Site "Internet Chess Club"]
[Date "2005.09.26"]
[Round "2"]
[White "JimGaming"]
[Black "Midwest-Rook"]
[Result "0-1"]
[WhiteElo "1229"]
[BlackElo "1225"]
[TimeControl "2700+45"]

1. e4 e5 2. Nf3 Nc6 3. Bb5 Bc5 4. c3 Nf6 5. d3 Ng4 6. O-O Qf6 7. Bg5 Qg6 8. h3
h6 9. Bh4 Nf6 10. Bxc6 dxc6 11. Nxe5 Qh5 12. Qxh5 Nxh5 13. d4 Bd6 14. f4 f6 15.
Ng6 Rg8 16. g4 Nxf4 17. Nxf4 g5 18. Bg3 gxf4 19. Bxf4 Bxg4 20. hxg4 Rxg4+ 21.
Kh2 Rxf4 22. Rxf4 Bxf4+ 23. Kg2 Bc1 24. Na3 Bxb2 25. Rb1 Bxa3 26. Rxb7 Kd7 27.
c4 Rg8+ 28. Kf3 a5 29. Rb3 Bb4 30. a3 Be1 31. Ke2 Bh4 32. Rh3 Bg5 33. Rg3 Re8
34. Kf3 f5 35. exf5 Re3+ 36. Kg4 Rxg3+ 37. Kxg3 h5 38. a4 Ke7 39. Kf3 Bf6 40.
Kf4 h4 41. Kg4 Kd6 42. Kf3 Bxd4 43. Kg4 Bf6 44. Kf4 Kc5 45. Kf3 Kxc4 46. Kg4 Kb4
47. Kh3 Kxa4 48. Kg2 Kb4 49. Kh3 Kc3 50. Kg2 a4 51. Kh3 a3 52. Kg2 a2 53. Kg1
a1=Q+ 54. Kh2 Be5+ 55. Kh3 Qh1+ 56. Kg4 Qg2+ 57. Kxh4 Bf6+ 58. Kh5 Qg5# {White
checkmated} 0-1

[Event "Team 45 45 League T28"]
[Site "Internet Chess Club"]
[Date "2005.09.22"]
[Round "2"]
[White "rpgrossman"]
[Black "jerry813"]
[Result "0-1"]
[WhiteElo "999"]
[BlackElo "1158"]
[TimeControl "2700+45"]

1. e4 c5 2. Nc3 e5 3. Nf3 d6 4. Bb5+ Bd7 5. Bxd7+ Qxd7 6. O-O Nc6 7. Nd5 O-O-O
8. c4 Nge7 9. Qa4 Kb8 10. b4 Nxb4 11. Qxd7 Rxd7 12. Nxb4 cxb4 13. Rb1 a5 14. c5
Ng6 15. cxd6 Rxd6 16. Bb2 Re6 17. Ng5 Re7 18. Rfd1 f6 19. Nf3 Nf4 20. d4 Ne2+
21. Kf1 Nxd4 22. Nxd4 exd4 23. Rxd4 Rc7 24. Rd8+ Rc8 25. Rxc8+ Kxc8 26. Rc1+ Kb8
27. e5 Be7 28. Re1 Rd8 29. e6 Rd2 30. Re2 Rd1+ 31. Re1 Rxe1+ 32. Kxe1 Kc7 33.
Bd4 b6 34. Ke2 Bc5 35. Be3 Kd6 36. Kd3 Kxe6 37. Kc4 Bxe3 38. fxe3 Ke5 39. Kb5 b3
40. axb3 Ke4 41. Kxb6 Kxe3 42. g3 f5 43. Kxa5 g5 44. b4 f4 45. gxf4 gxf4 46. b5
f3 47. b6 f2 48. b7 f1=Q 49. b8=Q Qa1+ 50. Kb6 Qb1+ 51. Ka7 Qxb8+ 52. Kxb8 h6
53. Kc7 Kf3 54. Kd6 h5 55. Ke5 h4 56. Kf5 h3 57. Kg5 Kg2 58. Kh4 Kxh2 59. Kg4
Kg2 60. Kh4 h2 {White resigns} 0-1

[Event "Team 45 45 League T28"]
[Site "Internet Chess Club"]
[Date "2005.09.22"]
[Round "2"]
[White "Conjurer"]
[Black "Tomate"]
[Result "0-1"]
[WhiteElo "1299"]
[BlackElo "1356"]
[TimeControl "2700+45"]

1. e4 c5 2. Nf3 d6 3. Nc3 Nc6 4. d4 cxd4 5. Nxd4 Nf6 6. Bb5 Bd7 7. O-O a6 8. Bc4
g6 9. Bg5 Bg7 10. Nf3 O-O 11. Re1 e5 12. Nd5 Rc8 13. Bb3 b5 14. Qd3 Be6 15. Bxf6
Bxf6 16. Nxf6+ Qxf6 17. Qxd6 Rfd8 18. Qa3 a5 19. Bxe6 Qxe6 20. Qe3 Kg7 21. a3 b4
22. c3 bxc3 23. bxc3 Rd7 24. Rad1 Rcd8 25. Rxd7 Rxd7 26. Ng5 Qb3 27. h3 Qxa3 28.
Qg3 f6 29. Nf3 Qxc3 30. Qg4 Qd3 31. h4 h5 32. Qe6 Rd6 33. Qa2 Qb5 34. Rb1 Nb4
35. Qa3 Rd3 36. Qc1 Qb7 37. Qc4 Qd7 38. Qc5 Qd8 39. Qa7+ Rd7 40. Rd1 Rxa7 41.
Rxd8 a4 42. Nd2 a3 43. Rb8 Nc6 44. Rb1 a2 45. Ra1 Nd4 46. Nc4 Nc2 47. Rc1 a1=Q
48. Rxa1 Rxa1+ 49. Kh2 Ra4 50. Nd6 Nd4 51. f3 Ne2 52. g4 Nf4 53. gxh5 Ra2+ 54.
Kg3 Nxh5+ 55. Kg4 Rg2+ 56. Kh3 Rg3+ 57. Kh2 Rxf3 58. Kg2 Rg3+ 59. Kf2 Rg4 60.
Ne8+ Kf7 61. Nd6+ Ke6 62. Ne8 Rxe4 63. Nc7+ Kf5 64. Nd5 Rxh4 65. Ne3+ Ke4 66.
Ng2 Rf4+ 67. Nxf4 Kxf4 68. Ke2 e4 69. Kf2 g5 70. Ke2 g4 71. Kf2 f5 72. Ke2 g3
73. Kf1 Kf3 74. Kg1 e3 75. Kf1 e2+ 76. Ke1 g2 77. Kd2 g1=Q 78. Kd3 e1=Q 79. Kc4
Qd2 80. Kb5 Qgc1 81. Kb6 Qdb2+ 82. Ka5 Qca1# {White checkmated} 0-1

[Event "Team 45 45 League T28"]
[Site "Internet Chess Club"]
[Date "2005.09.24"]
[Round "2"]
[White "nona"]
[Black "QuaqQuao"]
[Result "1-0"]
[WhiteElo "1522"]
[BlackElo "1347"]
[TimeControl "2700+45"]

1. e4 e5 2. Nf3 Nc6 3. Bb5 d6 4. c3 Bd7 5. O-O Nf6 6. d3 Be7 7. h3 a6 8. Ba4 b5
9. Bb3 O-O 10. Nbd2 Na5 11. Bc2 Rc8 12. b4 Nb7 13. a4 c5 14. bxc5 Nxc5 15. d4
exd4 16. cxd4 Nxa4 17. Bxa4 bxa4 18. Ba3 d5 19. e5 Ne4 20. Nxe4 dxe4 21. Nd2
Bxa3 22. Rxa3 f5 23. exf6 Rxf6 24. Nxe4 Rg6 25. Nc5 Bxh3 26. Rxh3 Rg4 27. Qxg4
{Black resigns} 1-0

[Event "Team 45 45 League T28"]
[Site "Internet Chess Club"]
[Date "2005.09.25"]
[Round "2"]
[White "chessterbaggins"]
[Black "Dalcon"]
[Result "1-0"]
[WhiteElo "1323"]
[BlackElo "1213"]
[TimeControl "2700+45"]

1. b3 e5 2. Bb2 Nc6 3. e4 Bc5 4. Nf3 Nf6 5. d3 d6 6. Be2 O-O 7. O-O Bg4 8. a3 d5
9. Nxe5 Bxe2 10. Qxe2 Nxe5 11. d4 Nxe4 12. dxc5 Nc6 13. Qg4 f6 14. c4 Ne5 15.
Qe6+ Rf7 16. cxd5 Nxc5 17. Qh3 Qxd5 18. b4 Ncd3 19. Nc3 Qd4 20. Rad1 Rd8 21. Ba1
Qf4 22. Ne2 Qg4 23. Qe3 Nf3+ 24. Kh1 Nh4 25. Ng3 Rfd7 26. Kg1 Nf4 27. Rxd7 Rxd7
28. Qe8# {Black checkmated} 1-0

[Event "Team 45 45 League T28"]
[Site "Internet Chess Club"]
[Date "2005.09.22"]
[Round "2"]
[White "GLuft"]
[Black "DayDream01"]
[Result "1-0"]
[WhiteElo "1176"]
[BlackElo "1109"]
[TimeControl "2700+45"]

1. e4 g6 2. d4 Bg7 3. c3 Nf6 4. Bd3 b6 5. Qf3 d6 6. e5 Bg4 7. Qxa8 a5 8. Ne2
Nfd7 9. exd6 exd6 10. Qe4+ Be6 11. Nf4 d5 12. Nxd5 O-O 13. O-O c6 14. Nf4 Re8
15. Nh5 Bd5 16. Qf4 gxh5 17. Bxh7+ Kxh7 18. Qf5+ Kg8 19. Qxh5 Nf6 20. Qg5 Nbd7
21. Bf4 Qe7 22. Nd2 Qf8 23. Rae1 Kh7 24. Rxe8 Nxe8 25. Qf5+ Kg8 26. Qxd7 Nf6 27.
Qb7 Bh8 28. Qxb6 Qg7 29. g3 Bxa2 30. Qxc6 Bd5 31. Qc8+ Kh7 32. Qf5+ Kg8 33. Be5
Qh6 34. Bf4 Qh5 35. Qxh5 Nxh5 36. Be5 f6 37. Bd6 Kf7 38. Re1 Be6 39. Ne4 f5 40.
Ng5+ Kg6 41. h4 Bc4 42. Ra1 Bf6 43. Rxa5 Bxg5 44. hxg5 Kxg5 45. Bf4+ Kg4 46. Kg2
Be2 47. d5 Bf3+ 48. Kh2 Nxg3 49. fxg3 Kh5 50. d6 Bc6 51. Rxf5+ Kg4 52. Rf7 Be8
53. Rg7+ Kf3 54. d7 Bxd7 55. Rxd7 {Black resigns} 1-0

[Event "Team 45 45 League T28"]
[Site "Internet Chess Club"]
[Date "2005.09.21"]
[Round "2"]
[White "DTK"]
[Black "Rookmaster"]
[Result "1-0"]
[WhiteElo "1999"]
[BlackElo "1741"]
[TimeControl "2700+45"]

1. e4 e5 2. Nf3 Nc6 3. Bb5 a6 4. Ba4 Nf6 5. O-O Be7 6. Re1 b5 7. Bb3 O-O 8. c3
d5 9. exd5 Nxd5 10. Nxe5 Nxe5 11. Rxe5 Nf6 12. d4 Bd6 13. Re2 Nh5 14. Qd3 Nf4
15. Bxf4 Bxf4 16. Nd2 Bb7 17. Nf3 Qf6 18. Rae1 Bd6 19. Ne5 Rae8 20. Nxf7 Rxe2
21. Ng5+ {Black resigns} 1-0